 Dungeon Crawl Stone Soup version 0.30-a0-777-ga9a30cbeda (webtiles) character file.

Game seed: 4618616571716079201

52 qeuew the Conjurer (level 3, -2/14 HPs)
             Began as a Felid Conjurer on Feb 14, 2023.
             Slain by Crazy Yiuf
             ... wielding a +3 quarterstaff of chaos
              (5 damage)
             ... on level 2 of the Dungeon.
             The game lasted 00:01:59 (1521 turns).

qeuew the Conjurer (Felid Conjurer)                 Turns: 1521, Time: 00:01:59

Health: -2/14      AC:  1    Str:  3    XL:     3   Next: 60%
Magic:  3/7        EV: 18    Int: 19    God:
Gold:   107        SH:  0    Dex: 16    Spells: 3/6 levels left
                                        Lives:  0   Deaths: 0

rFire   . . .      SeeInvis +    (weapon unavailable)
rCold   . . .      Faith    .    (shield unavailable)
rNeg    . . .      Spirit   .    (body armour unavailable)
rPois   .          Reflect  .    (helmet unavailable)
rElec   .          Harm     .    (cloak unavailable)
rCorr   .          Rampage  .    (gloves unavailable)
Will    .....                    (boots unavailable)
Stlth   +++                      c - amulet of magic regeneration
HPRegen 0.22/turn                (no ring)
MPRegen 0.50/turn                (no ring)

@: lethally poisoned (-2 -> -12), quick
A: very small, claws 1, fangs 3, see invisible, speed 1, shaggy fur 1, stealthy
paws, no weapons or thrown items, no armour, multi-lived
a: no special abilities


You were on level 2 of the Dungeon.
You visited 1 branch of the dungeon, and saw 2 of its levels.

You collected 107 gold pieces.

Inventory:

Jewellery
 c - an amulet of magic regeneration (around neck)
Scrolls
 b - a scroll of blinking {unknown}
 d - a scroll of acquirement {unknown}
 e - a scroll of noise {unknown}
Potions
 a - a potion of magic
 f - 2 potions of mutation {unknown}


   Skills:
 + Level 3.4 Dodging
 + Level 3.5 Stealth
 + Level 2.4 Spellcasting
 * Level 4.1 Conjurations


You had 3 spell levels left.
You knew the following spells:

 Your Spells              Type           Power      Damage    Failure   Level
a - Magic Dart            Conj           72%        1d6       3%          1
b - Searing Ray           Conj           36%        2d5       4%          2

Your spell library contained the following spells:

 Spells                   Type           Power      Damage    Failure   Level
 Sting                    Tmut/Pois      8%         1d3       16%         1
 Dazzling Flash           Conj/Hex       20%        N/A       21%         3
 Poisonous Vapours        Pois/Air       4%         N/A       24%         2
 Fulminant Prism          Conj/Hex       5%         3d6       56%         4
 Iskenderun's Mystic Bla  Conj/Tloc      10%        2d4       56%         4
 Olgreb's Toxic Radiance  Pois           2%         N/A       85%         4


Dungeon Overview and Level Annotations

Branches:
Dungeon (2/15)

Altars:

Shops:
D:2 *=

Annotations:
D:2 Crazy Yiuf


Innate Abilities, Weirdness & Mutations

You have sharp claws.
You have razor-sharp teeth.
You have supernaturally acute eyesight. (SInv)
You cover ground quickly. (Speed+)
You are covered in fur. (AC +1)
Your paws help you pounce on unaware monsters.
You are incapable of wielding weapons or throwing items.
You cannot wear armour.
You gain extra lives every three experience levels.


Message History

You can't see any susceptible monsters within range! (Use Z to cast anyway.)
Things that are here:
a +0 dagger; a rat skeleton
There is an open door here.
There is an open door here.
Things that are here:
a +0 dagger; a rat skeleton
There is an open door here.
There is an open door here.
There is an open door here.
You can't see any susceptible monsters within range! (Use Z to cast anyway.) Could not explore, unopened runed door.
You can't see any susceptible monsters within range! (Use Z to cast anyway.) Could not explore, unopened runed door.
You can't see any susceptible monsters within range! (Use Z to cast anyway.) Could not explore, unopened runed door.
You can't see any susceptible monsters within range! (Use Z to cast anyway.) Could not explore, unopened runed door.
You open the door.
Crazy Yiuf shouts!
The searing ray hits Crazy Yiuf.
Crazy Yiuf is moderately wounded. (Press . to maintain the ray.)
The searing ray hits Crazy Yiuf but does no damage.
Crazy Yiuf is moderately wounded.
The searing ray misses Crazy Yiuf.
Crazy Yiuf hits you with a +3 quarterstaff of chaos!
Ouch! That really hurt!
You are lethally poisoned!
You are too injured to fight recklessly!
Okay, then.
Restarting spell: Searing Ray (safe; 4% risk of failure)
Press: ? - help, Q - select action, (/) - cycle Shift-Dir - straight line, f/p - Crazy Yiuf
Aim: Crazy Yiuf, wielding a +3 quarterstaff of chaos and wearing a +0 cloak (moderately wounded, 81% to hit)
The searing ray hits Crazy Yiuf!
Crazy Yiuf is severely wounded. (Press . to maintain the ray.)
* * * LOW HITPOINT WARNING * * *
You feel very sick.
Crazy Yiuf hits you with a +3 quarterstaff of chaos.
You die...

[.........#..#
..........#.##
..........#'#
........#####
........#
........##♣♣♣♣♣
.........+..♣.♣♣♣ ###
.............♣..♣#...#
............♣♣♣♣@g...#
####.....+.♣♣ ♣♣#..)#
...'....##♣♣ ###
...#....# ...######
...# ###### ...#
#..#.# ...# #.##.#
...# #.##.#


You could see Crazy Yiuf.

Vanquished Creatures
  Robin (D:2)
  An adder (D:2)
  A dart slug (D:1)
  4 endoplasms (D:1)
  A giant cockroach (D:1)
  3 hobgoblins
  3 ball pythons (D:2)
  2 bats (D:1)
  A frilled lizard (D:2)
  10 goblins (D:2)
  2 kobolds (D:2)
  A rat (D:2)
30 creatures vanquished.

Notes
Turn   | Place    | Note
-------+----------+-------------------------------------------
     0 | D:1      | qeuew the Felid Conjurer began the quest for the Orb.
     0 | D:1      | Reached XP level 1. HP: 7/7 MP: 4/4
   471 | D:1      | Reached XP level 2. HP: 11/11 MP: 3/6
   517 | D:1      | Learned a level 2 spell: Searing Ray
   870 | D:2      | Reached skill level 4 in Conjurations
   911 | D:2      | Found Uwisurph's Jewellery Emporium.
   953 | D:2      | Found a runed translucent door.
   954 | D:2      | Noticed Crazy Yiuf
  1075 | D:2      | Reached XP level 3. HP: 14/14 MP: 5/7
  1099 | D:2      | Noticed Robin
  1108 | D:2      | Killed Robin
  1138 | D:2      | Found Mufrerate's Assorted Antiques.
  1521 | D:2      | Slain by Crazy Yiuf

Illustrated notes

Levels and vault maps discovered:
D:1:      wander_arrival_estate, layout_basic
D:2:      wander_river, layout_basic, serial_shops, shop, shop, uniq_robin,
          uniq_crazy_yiuf_cottage

Skill      XL: |  1  2 |
---------------+-------+-----
Stealth        | 3 |  3.5
Dodging        | 3 |  3.4
Conjurations   | 4 |  4.1
Spellcasting   | |  2.4

Action                     || total
---------------------------++-------
   Cast: Magic Dart        ||    54
         Searing Ray       ||     4
    Use: Scroll            ||     2
  Dodge: Dodged            ||     5

Table legend: (Time is in decaauts)
 A = Elapsed time spent in this place.
 B = Non-inter-level travel time spent in this place.
 C = Inter-level travel time spent in this place.
 D = Time resting spent in this place.
 E = Time spent auto-exploring this place.
 F = Levels seen in this place.
 G = Mean time per level.
                   A        B        C        D        E       F      G
               +--------+--------+--------+--------+--------+-----+--------+
         Total |   1310 |   1299 |     11 |      0 |   1170 |   2 |  655.0 |
       Dungeon |   1310 |   1299 |     11 |      0 |   1170 |   2 |  655.0 |
               +--------+--------+--------+--------+--------+-----+--------+

Top non-repeatable levels by time:
     D:1: 707 daAuts
     D:2: 602 daAuts
